 Dungeon Crawl Stone Soup version 0.30.0-16-gbe6223bb7e (webtiles) character file.

Game seed: 9244620748635469457

23 browni3141 the Magician (level 2, -1/19 HPs)
             Began as a Mummy Summoner on May 20, 2023.
             Slain by a kobold
             ... wielding a +1 whip of holy wrath
              (3 damage)
             ... on level 1 of the Dungeon.
             The game lasted 00:00:52 (604 turns).

browni3141 the Magician (Mummy Summoner)             Turns: 604, Time: 00:00:52

Health: -1/19      AC:  2    Str: 11    XL:     2   Next: 75%
Magic:  6/6        EV: 12    Int: 14    God:
Gold:   54         SH:  0    Dex: 12    Spells: 7/8 levels left

rFire   x . .        c - +2 dagger (venom)
rCold   + . .        (no shield)
rNeg    + + +        a - +0 robe
rPois   ∞            (no helmet)
rElec   .            (no cloak)
rCorr   .            (no gloves)
SInv    .            (no boots)
Will    .....        (no amulet)
Stlth   ++           (no ring)
HPRegen 0.23/turn    (no ring)
MPRegen 0.10/turn

%: faith
@: no status effects
A: cold resistance 1, negative energy resistance 3, torment resistance 2, heat
vulnerability 1, no potions, faith
a: no special abilities


You were on level 1 of the Dungeon.
You visited 1 branch of the dungeon, and saw 1 of its levels.

You collected 54 gold pieces.

Inventory:

Hand Weapons
 c - a +2 dagger of venom (weapon)
Armour
 a - a +0 robe (worn)
 b - a +0 chain mail of cold resistance


   Skills:
 - Level 1.8 Dodging
 - Level 1.8 Stealth
 * Level 3.6 Spellcasting
 - Level 3.4 Summonings


You had 7 spell levels left.
You knew the following spells:

 Your Spells              Type           Power      Damage    Failure   Level
z - Summon Small Mammal   Summ           48%        N/A       4%          1

Your spell library contained the following spells:

 Spells                   Type           Power      Damage    Failure   Level
 Call Imp                 Summ           24%        N/A       8%          2
 Call Canine Familiar     Summ           12%        N/A       16%         3
 Summon Guardian Golem    Hex/Summ       7%         N/A       30%         3
 Summon Lightning Spire   Summ/Air       7%         N/A       69%         4


Dungeon Overview and Level Annotations

Branches:
Dungeon (1/15)

Altars:


Innate Abilities, Weirdness & Mutations

You are immune to poison.
Your flesh is cold resistant. (rC+)
You are immune to negative energy. (rN+++)
You are immune to unholy pain and torment.
You are vulnerable to heat. (rF-)
You do not drink.
You have a special connection with the divine. (Faith)


Message History

You kill the jackal!
The jackal bites you but does no damage.
The jackal closely misses you.
The jackal bites you but does no damage.
The jackal attacks as you move away! The jackal barely misses you.
You see here 4 stones.
You hit the jackal.
The jackal is poisoned.
The jackal is lightly wounded.
The jackal closely misses you. x2
You hit the jackal.
The jackal looks as sick as possible!
The jackal is severely wounded.
The jackal bites you.
You completely miss the jackal.
The jackal is almost dead.
You kill the jackal!
You hit the jackal but do no damage.
The jackal is poisoned.
The jackal bites you. The jackal misses you.
You hit the jackal but do no damage.
The jackal looks as sick as possible!
The jackal misses you.
You closely miss the jackal.
The jackal is almost dead.
You kill the jackal!
No target in view!
You see here a jackal corpse.
You see here an emerald potion.
You now have 28 gold pieces (gained 12).
You open the door.
Found a stone staircase leading down.
There is an open door here.
A rat comes into view.
A rat is nearby!
The helpless rat fails to defend itself.
You hit the rat.
You kill the rat!
You see here a rat corpse.
As you open the door, it creaks loudly!
There is an open door here.
A rat comes into view.
A rat is nearby!
You hit the rat.
You kill the rat!
No target in view!
You now have 40 gold pieces (gained 12).
You now have 48 gold pieces (gained 8).
Found a stone staircase leading down.
There is a stone staircase leading down here.
You open the door.
There is an open door here.
You open the door.
A bat comes into view.
A bat is nearby!
The bat closely misses you. The bat barely misses you. x2
There is an open door here.
You barely miss the bat. The bat barely misses you.
The bat hits you but does no damage.
You barely miss the bat. The bat misses you.
The bat hits you but does no damage.
Unknown command.
The bat closely misses you.
A frilled lizard comes into view.
The bat hits you but does no damage. The bat barely misses you.
The frilled lizard hisses angrily.
The bat closely misses you. The bat closely misses you. The bat hits you.
The frilled lizard unfolds its giant frill.
The bat barely misses you.
You hit the bat.
You kill the bat!
The frilled lizard barely misses you.
You barely miss the frilled lizard. The frilled lizard misses you.
You closely miss the frilled lizard. The frilled lizard bites you.
You miss the frilled lizard. The frilled lizard closely misses you.
You hit the frilled lizard.
The frilled lizard is poisoned.
The frilled lizard is severely wounded.
The frilled lizard closely misses you.
You closely miss the frilled lizard.
The frilled lizard is severely wounded.
You kill the frilled lizard!
You now have 54 gold pieces (gained 6).
A kobold comes into view. It is wielding a +1 whip of holy wrath.
A kobold is nearby!
A kobold is nearby!
The kobold hits you with a +1 whip of holy wrath.
You convulse.
You barely miss the kobold.
The kobold hits you with a +1 whip of holy wrath.
You convulse.
You are too injured to fight recklessly!
You are too injured to fight recklessly!
You are too injured to fight recklessly!
You closely miss the kobold.
The kobold hits you with a +1 whip of holy wrath.
* * * LOW HITPOINT WARNING * * *
You convulse.
* * * LOW HITPOINT WARNING * * *
You barely miss the kobold. The kobold closely misses you.
You barely miss the kobold.
The kobold hits you with a +1 whip of holy wrath.
You die...

....###.#.#
#.##.##......
..[..##.#.#
####.##.#.......
........#.#
#.......##......
.....####.#
#.##........#...
#.#..# #.#
#.#########.#...
###..####.# #.#
#.#### ..........#
###.# ##'##
.###.###.## #...#
##...## .# #.# #.#
#@### ##.....##
.###.###.# #K#
#.......#
.##...##.#######..
#.........
...................
+.........
.........######.....
#.........
####.##### #..#.#.
##.......# #.#
#..###.# ##.....##
#.# #... # ##...##
#.# ##+#


You could see a kobold.

Vanquished Creatures
  A bat (D:1)
  A goblin (D:1)
  3 jackals (D:1)
  A quokka (D:1)
  A frilled lizard (D:1)
  2 rats (D:1)
9 creatures vanquished.

Vanquished Creatures (collateral kills)
  A gnoll (D:1)
  2 bats (D:1)
  A ball python (D:1)
4 creatures vanquished.

Grand Total: 13 creatures vanquished

Notes
Turn   | Place    | Note
-------+----------+-------------------------------------------
     0 | D:1      | browni3141 the Mummy Summoner began the quest for the Orb.
     0 | D:1      | Reached XP level 1. HP: 13/13 MP: 4/4
    52 | D:1      | Reached skill level 3 in Spellcasting
    52 | D:1      | Reached XP level 2. HP: 16/19 MP: 0/6
   311 | D:1      | Found a faded altar of an unknown god.
   604 | D:1      | Slain by a kobold

Illustrated notes

Levels and vault maps discovered:
D:1:      saegor_arrival_simple_e, layout_loops_corners,
          hellmonk_ecumenical_altar_arch_garden

Skill      XL: |  1 |
---------------+----+-----
Spellcasting   | 3 |  3.6
Dodging        | |  1.8
Stealth        | |  1.8
Summonings     | |  3.4

Action                     || total
---------------------------++-------
  Melee: Dagger            ||    27
         Unarmed           ||     7
   Cast: Summon Small Mamm ||    10
   Stab: Sleeping          ||     2
 Armour: Robe              ||     9
  Dodge: Dodged            ||    42
